 Dungeon Crawl Stone Soup version 0.16.1-5-gaa23807 (webtiles) character file.

209 roverover the Sneak (level 5, -2/42 HPs)
             Began as a Naga Ice Elementalist on Mar 28, 2015.
             Slain by a river rat (6 damage)
             ... in a sewer.
             The game lasted 00:08:55 (3175 turns).

roverover the Sneak (Naga Ice Elementalist)         Turns: 3175, Time: 00:08:55

Health: -2/42      AC:  4    Str: 15    XL:     5   Next: 87%
Magic:  1/9        EV: 10    Int: 16    God:
Gold:   110        SH:  0    Dex: 11    Spells: 2 memorised, 3 levels left

rFire  . . .     SeeInvis +     i - -1 dagger
rCold  . . .     Clarity  .     w - +0 robe
rNeg   . . .     SustAb   .     (no shield)
rPois  +         Gourm    .     (no helmet)
rElec  .         Spirit   .     h - +0 cloak
rCorr  .         Warding  .     q - +0 pair of gloves
rMut   .         Stasis   .     (no barding)
MR     .....                    (no amulet)
Stlth  +++.......               (no ring)
                                t - +4 ring of strength

@: short of breath, very slow, not resistant to hostile enchantments, fairly
stealthy
A: spit poison, see invisible, deformed body, poison resistance, slowness 2, AC
+1
a: Spit Poison


You were in a sewer.
You were hungry.

You visited 1 branch of the dungeon, and saw 3 of its levels.
You also visited: Sewer.

You collected 110 gold pieces.

Inventory:

Hand weapons
 e - a +2 dagger of venom
 i - a -1 dagger (weapon)
 r - a +0 blowgun
Missiles
 d - 49 stones (quivered)
 x - 18 poisoned needles
Armour
 h - a +0 cloak (worn)
 q - a +0 pair of gloves (worn)
 w - a +0 robe (worn)
Jewellery
 s - an uncursed amulet of stasis
 t - a +4 ring of strength (left hand)
Magical devices
 v - a wand of frost (24)
Scrolls
 a - a scroll of enchant weapon {unknown}
 j - a scroll of teleportation
 k - a scroll of remove curse
 n - a scroll of fog {unknown}
 u - a scroll of fear {unknown}
Potions
 l - 2 potions of heal wounds
 o - 2 potions of curing
 p - a potion of poison {unknown}
Books
 b - a book of Frost

   Spells                             Type                      Level
   a - Freeze                         Ice                          1
   b - Throw Frost                    Conjuration/Ice              2
   c - Ozocubu's Armour               Charms/Ice                   3
   d - Throw Icicle                   Conjuration/Ice              4
   e - Summon Ice Beast               Ice/Summoning                4
   f - Condensation Shield            Ice                          4
Comestibles
 c - 3 bread rations
 f - a meat ration
 g - a slice of pizza
 m - 4 fruits


   Skills:
 - Level 1.5 Dodging
 - Level 6.0 Stealth
 - Level 2.0 Spellcasting
   Level 1.0 Conjurations
 + Level 1.7 Summonings
 + Level 4.9 Ice Magic


You had 3 spell levels left.
You knew the following spells:

 Your Spells              Type           Power        Failure   Level  Hunger
a - Freeze                Ice            ###.         3%          1    #......
b - Summon Ice Beast      Ice/Summ       ##......     63%         4    #####..


Dungeon Overview and Level Annotations

Branches:
Dungeon (3/15)

Altars:
Yredelemnul


Innate Abilities, Weirdness & Mutations

You cannot wear boots.
You can spit poison.
Your serpentine skin is tough (AC +1).
You have supernaturally acute eyesight.
Armour fits poorly on your strangely shaped body.
Your system is resistant to poisons.
You cover ground very slowly.


Message History

You freeze the ooze.
You kill the ooze!
The ball python bites you.
* * * LOW HITPOINT WARNING * * *
The river rat bites you!
* * * LOW HITPOINT WARNING * * *
Your magical contamination has completely faded away.
Use which ability? (? or * to list)
Press: ? - help, Shift-Dir - straight line, f - river rat
Aim: a river rat (moderately wounded)
The splash of poison hits the river rat.
The river rat is almost dead.
You feel slightly more hungry. The ball python bites you.
* * * LOW HITPOINT WARNING * * *
The ball python bites you but does no damage.
The river rat barely misses you.
You barely miss the river rat.
The river rat is almost dead.
The ball python completely misses you. The river rat bites you.
You die...

##......≈≈≈.......#
##.....≈.≈≈.......
##........≈≈≈.....#
##........≈≈≈≈.....#
#..#......≈≈≈≈.....#
#.###......≈≈≈.....##
#∩###.....≈≈≈≈.††...#
####.......≈≈.r.##.rr#
##.....≈≈≈≈.@##


rr# #.....≈≈≈≈≈.S# ## ##.......≈≈≈≈..# #......≈≈≈≈≈≈.... #.......≈≈≈≈≈.....#
#......≈≈≈≈≈≈..... ##....≈≈≈≈≈≈≈.≈.... ##....≈≈≈≈≈≈≈≈... #....≈≈≈≈≈≈≈# You could
see a river rat and a ball python.

Vanquished Creatures
  An orc priest (D:3)
  An orc wizard (D:3)
  Jessica (D:2)
  2 adders
  2 river rats
  2 worms
  3 giant geckos (D:3)
  2 oozes
  5 orcs
  A ball python (D:1)
  3 giant cockroaches
  7 goblins
  6 hobgoblins
  3 jackals (D:2)
  17 kobolds
  8 bats
  2 giant newts (D:1)
  14 rats
80 creatures vanquished.

Notes
Turn   | Place    | Note
--------------------------------------------------------------
     0 | D:1      | roverover, the Naga Ice Elementalist, began the quest for the Orb.
     0 | D:1      | Reached XP level 1. HP: 15/15 MP: 3/3
    56 | D:1      | Reached XP level 2. HP: 19/22 MP: 4/4
   242 | D:1      | Reached skill level 4 in Stealth
   512 | D:1      | Reached XP level 3. HP: 22/28 MP: 6/6
  1707 | D:2      | Reached skill level 5 in Stealth
  1707 | D:2      | Reached XP level 4. HP: 30/36 MP: 7/7
  1843 | D:2      | Found a basalt altar of Yredelemnul.
  1988 | D:2      | Noticed Jessica
  1993 | D:2      | Killed Jessica
  2315 | D:3      | Reached XP level 5. HP: 26/42 MP: 5/9
  2326 | D:3      | Reached skill level 6 in Stealth
  2333 | D:3      | Learned a level 4 spell: Summon Ice Beast
  2377 | D:3      | Reached skill level 1 in Summonings
  2500 | D:3      | Found a glowing drain.
  2549 | Sewer    | Entered a sewer
  3175 | Sewer    | Slain by a river rat

Action                   |  1- 3 |  4- 6 || total
-------------------------+-------+-------++-------
Melee: Unarmed           |     5 |       ||     5
       Dagger            |    80 |   101 ||   181
Throw: Stone             |     4 |     4 ||     8
 Cast: Freeze            |    14 |    41 ||    55
 Abil: Spit Poison       |    27 |    15 ||    42
  Use: Scroll            |       |     4 ||     4
 Stab: Sleeping          |     4 |     3 ||     7
  Eat: Chunk             |     4 |     6 ||    10
